 Dungeon Crawl Stone Soup version 0.31-a0-358-gac0dbeb3ab (webtiles) character file.

Game seed: 4634237213506747282

266 CraigForest the Ruffian (level 6, -7/44 HPs)
             Began as a Demonspawn Shapeshifter on July 26, 2023.
             Mangled by an ogre
             ... wielding a +0 giant club
              (10 damage)
             ... on level 4 of the Dungeon.
             The game lasted 00:18:06 (2943 turns).

CraigForest the Ruffian (Demonspawn Shapeshifter)   Turns: 2943, Time: 00:18:07

Health: -7/44      AC:  6    Str: 16    XL:     6   Next: 0%
Magic:  6/6        EV: 10    Int:  9    God:
Gold:   230        SH:  0    Dex: 15    Spells: 3/5 levels left

rFire   . .          .
                       - Unarmed
rCold   . . .        (no shield)
rNeg    . . .        o - +0 scale mail
rPois   .            (helmet currently unavailable)
rElec   .            (cloak currently unavailable)
rCorr   .            (gloves currently unavailable)
SInv    .            (boots currently unavailable)
Will    .....        (no amulet) Stlth
                     (no ring)
HPRegen 0.27/turn    (no ring)
MPRegen 0.20/turn

%: no passive effects
@: beast-form
A: beast (slay +2), antennae 1, powered by pain 1, magic regeneration, demonic
touch 2
a: Begin Untransformation


You were on level 4 of the Dungeon.
You were a hulking beast.
You visited 1 branch of the dungeon, and saw 4 of its levels.

You collected 230 gold pieces.

Inventory:

Hand Weapons
 n - a +0 short sword of venom
Armour
 a - a +0 animal skin
 e - a +0 pair of boots
 h - a +0 pair of gloves
 o - a +0 scale mail (worn)
Magical Staves
 l - a staff of fire
Talismans
 c - a beast talisman
Scrolls
 m - a scroll of identify
 p - 2 scrolls of teleportation
 q - a scroll of enchant weapon {unknown}
 s - a scroll of fog
 v - a scroll of blinking {unknown}
 w - a scroll of amnesia {unknown}
Potions
 b - a potion of lignification
 d - 2 potions of curing {unknown}
 f - a potion of ambrosia
 g - a potion of attraction {unknown}
 i - 4 potions of haste
 j - a potion of degeneration {unknown}
 k - a potion of brilliance {unknown}
 r - a potion of mutation {unknown}
 t - a potion of enlightenment {unknown}
 u - a potion of berserk rage {unknown}
 x - 2 potions of heal wounds {unknown}


   Skills:
 * Level 2.0 Fighting
 * Level 1.2 Armour
 * Level 2.4 Dodging
 * Level 4.3 Unarmed Combat
 * Level 1.0 Transmutations
 * Level 3.6 Shapeshifting


You had 3 spell levels left.
You knew the following spells:

 Your Spells              Type           Power      Damage    Failure   Level
a - Wereblood             Tmut           1%         N/A       83%         2

Your spell library contained the following spells:

 Spells                   Type           Power      Damage    Failure   Level
 Slow                     Hex            0%         N/A       83%         1
 Lesser Beckoning         Tloc           0%         N/A       92%         2
 Confusing Touch          Hex            0%         N/A       99%         3
 Gell's Gravitas          Tloc           0%         N/A       99%         3
 Teleport Other           Tloc           0%         N/A       99%         3
 Vampiric Draining        Necr           0%         2d6       99%         3
 Irradiate                Conj/Tmut      0%         3d11      100%        5
 Summon Forest            Summ/Tloc      0%         N/A       100%        5
 Eringya's Noxious Bog    Tmut/Pois      0%         4d6       100%        6
 Summon Hydra             Summ           0%         N/A       100%        7


Dungeon Overview and Level Annotations

Branches:
Dungeon (4/15)
 Temple: D:4-7

Altars:
Nemelex Xobeh
Uskayaw

Shops:
D:1 [*   D:2 (?   D:3 (


Innate Abilities, Weirdness & Mutations

You are a hulking beast.
Your limbs bulge with bestial killing power. (Slay +2)
You have a pair of small antennae on your head.
You sometimes gain a little power by taking damage.
You regenerate magic rapidly.
Your touch may inflict irresistible damage on your foes.


Message History

You now have 230 gold pieces (gained 5).
You open the door.
There is an open door here.
A ball python comes into view.
You see here a fuming ruby potion.
d - 2 fuming ruby potions (gained 1)
The ball python hisses angrily.
You hear a shout!
An ogre comes into view. It is wielding a +0 giant club.
The ball python bites you but does no damage.
The ball python grabs you. The ball python constricts you.
You hit the ball python. Your touch misses the ball python.
The ball python is severely wounded.
The ball python barely misses you. The ball python constricts you.
The ball python bites you but does no damage.
The ball python constricts you.
You hit the ball python but do no damage.
Your touch misses the ball python.
The ball python is severely wounded.
The ball python bites you. The ball python constricts you.
You barely miss the ball python.
The ball python is severely wounded.
The ball python bites you but does no damage.
The ball python constricts you. The ogre hits you with a +0 giant club!
You closely miss the ball python.
The ball python is severely wounded.
The ball python bites you but does no damage.
The ball python constricts you.
You hit the ball python but do no damage.
The ball python is severely wounded.
The ball python bites you. The ball python constricts you.
The ogre hits you with a +0 giant club!!
Ouch! That really hurt!
* * * LOW HITPOINT WARNING * * *
A goblin comes into view. It is wielding a +0 club.
You barely miss the ball python.
The goblin shouts!
You touch the ball python.
You kill the ball python!
The ogre hits you with a +0 giant club!
You die...

#...# .... #...# .g.
#.≈.# . ... #.≈.# #. #..
#.≈.# #.##.## #.≈.#
#.....## #...# ..
#...O.###########...#
#.# #..h..........##._.#
#...##.#.......##.##...#
#.........##.##.##...#
#...##.####.##.##.##.≈.#
#.# ##'## #.##.......≈.#
. ##...###.#####.##.≈.#
##.....##.# ##.##.≈.#
##.......#.####..##...#
#................##...#


You could see an ogre and a goblin.

Vanquished Creatures
  A sky beast (D:3)
  A hound (D:4)
  An orc wizard (D:3)
  5 adders
  An ufetubus (D:4)
  3 dart slugs
  2 orcs (D:3)
  7 ball pythons
  9 bats
  5 endoplasms
  2 giant cockroaches (D:1)
  7 goblins
  7 hobgoblins
  4 quokkas
  8 kobolds
  5 rats
68 creatures vanquished.

Notes
Turn   | Place    | Note
-------+----------+-------------------------------------------
     0 | D:1      | CraigForest the Demonspawn Shapeshifter began the quest for
                  | the Orb.
     0 | D:1      | Reached XP level 1. HP: 15/15 MP: 1/1
    30 | D:1      | Found Kaoj's Armour Shop.
   163 | D:1      | Discovered your monstrous ancestry.
   163 | D:1      | Gained mutation: You have a pair of small antennae on your
                  | head. [demonic ancestry]
   163 | D:1      | Reached XP level 2. HP: 17/21 MP: 2/2
   287 | D:1      | Reached skill level 3 in Unarmed Combat
   292 | D:1      | Found Uzinyim's Assorted Antiques.
   581 | D:1      | Gained mutation: You regenerate magic rapidly. [demonic
                  | ancestry]
   581 | D:1      | Reached XP level 3. HP: 18/26 MP: 3/3
  1020 | D:2      | Found Zimethra's Weapon Shoppe.
  1099 | D:2      | Learned a level 2 spell: Wereblood
  1322 | D:2      | Found a transporter.
  1333 | D:2      | Found Neap's Magic Scroll Emporium.
  1335 | D:2      | Found a transporter.
  1499 | D:2      | Gained mutation: You sometimes gain a little power by
                  | taking damage. [demonic ancestry]
  1499 | D:2      | Reached XP level 4. HP: 32/32 MP: 4/4
  1748 | D:3      | Found a faded altar of an unknown god.
  1994 | D:3      | Noticed a sky beast
  2005 | D:3      | Killed a sky beast
  2006 | D:3      | Reached skill level 1 in Armour
  2006 | D:3      | Reached skill level 4 in Unarmed Combat
  2006 | D:3      | Gained mutation: Your touch may inflict minor irresistible
                  | damage on your foes. [demonic ancestry]
  2006 | D:3      | Reached XP level 5. HP: 38/38 MP: 5/5
  2142 | D:3      | Found a faded altar of an unknown god.
  2145 | D:3      | Found a hide-covered altar of Uskayaw.
  2222 | D:3      | Found Diuhadd's Weapon Shoppe.
  2289 | D:3      | Identified the +1 leather armour of Truth {Contam Int+4
                  | Dex+5}
  2855 | D:4      | Reached skill level 1 in Transmutations
  2871 | D:4      | Found a sparkling altar of Nemelex Xobeh.
  2921 | D:4      | Gained mutation: Your touch may inflict irresistible damage
                  | on your foes. [demonic ancestry]
  2921 | D:4      | Reached XP level 6. HP: 43/44 MP: 6/6
  2943 | D:4      | Mangled by an ogre

Illustrated notes

Levels and vault maps discovered:
D:1:      scummos_arrival_hexagon, layout_loops_ring, serial_shops,
          nicolae_shop_tiny_waterfront, shop, nrook_uturn
D:2:      layout_basic, serial_shops, shop, nicolae_shop_drivethru
D:3:      layout_basic, nicolae_overflow_ecumenical_swirl, serial_shops, shop,
          dreamdust_ecumenical_altar_statues, serial_bayou_pond_c
D:4:      layout_loops_corners, mainiacjoe_overflow_boulevard,
          minmay_misc_feat_iff

Skill      XL: |  1  2  3  4  5 |
---------------+----------------+-----
Shapeshifting  | 3 |  3.6
Unarmed Combat | 3 4 |  4.3
Dodging        | 2 |  2.4
Armour         | 1 |  1.2
Fighting       | 2 |  2.0
Transmutations | 1 |  1.0

Action                     |  1- 3 |  4- 6 || total
---------------------------+-------+-------++-------
  Melee: Unarmed           |   117 |    69 ||   186
         Punch             |     2 |     2 ||     4
         Touch             |       |     3 ||     3
    Use: Scroll            |     7 |       ||     7
   Stab: Sleeping          |     6 |       ||     6
 Armour: Animal skin       |    17 |       ||    17
         Scale mail        |    17 |    26 ||    43
  Dodge: Dodged            |    60 |    31 ||    91

Table legend: (Time is in decaauts)
 A = Elapsed time spent in this place.
 B = Non-inter-level travel time spent in this place.
 C = Inter-level travel time spent in this place.
 D = Time resting spent in this place.
 E = Time spent auto-exploring this place.
 F = Levels seen in this place.
 G = Mean time per level.
                   A        B        C        D        E       F      G
               +--------+--------+--------+--------+--------+-----+--------+
         Total |   2933 |   2369 |    564 |      0 |   1784 |   4 |  733.2 |
       Dungeon |   2933 |   2369 |    564 |      0 |   1784 |   4 |  733.2 |
               +--------+--------+--------+--------+--------+-----+--------+

Top non-repeatable levels by time:
     D:2: 880 daAuts
     D:1: 855 daAuts
     D:3: 781 daAuts
     D:4: 416 daAuts
